 Dungeon Crawl Stone Soup version 0.18.1-5-g4a78601 (webtiles) character file.

128 Duskembrace the Sneak (level 5, -2/30 HPs)
             Began as a Tengu Assassin on May 10, 2016.
             Slain by Crazy Yiuf
             ... wielding a +4 quarterstaff of chaos
              (12 damage)
             ... on level 3 of the Dungeon.
             The game lasted 00:07:49 (3579 turns).

Duskembrace the Sneak (Tengu Assassin)              Turns: 3579, Time: 00:07:50

Health: -2/30      AC:  3    Str: 11    XL:     5   Next: 12%
Magic:  6/6        EV: 14    Int: 11    God:
Gold:   173        SH:  0    Dex: 17    Spells: 0 memorised, 4 levels left

rFire  . . .     SeeInvis .     a - +2 dagger
rCold  . . .     Gourm    .     c - +0 robe
rNeg   . . .     Faith    .     (no shield)
rPois  .         Spirit   .     v - +0 hat
rElec  .         Dismiss  .     i - +0 cloak
rCorr  .         Reflect  .     (no gloves)
SustAt .         Harm     .     (boots unavailable)
MR     .....                    (no amulet)
Stlth  +++.......               (no ring)
                                (no ring)

@: slowed, very slow, not resistant to hostile enchantments, fairly stealthy
A: beak, talons 3, able to fly 1
a: Fly


You were on level 3 of the Dungeon.
You were not hungry.

You visited 1 branch of the dungeon, and saw 3 of its levels.

You collected 173 gold pieces.

Inventory:

Hand Weapons
 a - a +2 dagger (weapon)
 b - a +0 blowgun
Missiles
 e - 21 poisoned needles
 f - 2 curare-tipped needles
 x - 8 tomahawks (quivered)
Armour
 c - a +0 robe (worn)
 d - a +0 cloak
 i - a +0 cloak (worn)
 v - a +0 hat (worn)
Scrolls
 j - 5 scrolls of teleportation {unknown}
 k - a scroll of magic mapping {unknown}
 m - 2 scrolls of remove curse {unknown}
 o - 2 scrolls of noise {unknown}
 q - a scroll of enchant armour {unknown}
 r - 2 scrolls of identify {unknown}
 s - 2 scrolls of fear {unknown}
Potions
 h - a potion of cure mutation
 l - 2 potions of lignification
 u - a potion of invisibility {unknown}
Comestibles
 g - 2 bread rations
 p - a royal jelly
 t - 2 slices of pizza


   Skills:
 - Level 2.0 Fighting
 + Level 3.6 Short Blades
 - Level 2.0 Throwing
 + Level 3.2 Dodging
 + Level 4.9 Stealth


You had 4 spell levels left.
You didn't know any spells.

Dungeon Overview and Level Annotations

Branches:
Dungeon (3/15)

Altars:

Annotations:
D:3 Crazy Yiuf


Innate Abilities, Weirdness & Mutations

You have a beak for a mouth.
You have claws for feet.
You can fly.


Message History

You hit Crazy Yiuf. You claw Crazy Yiuf.
Crazy Yiuf is severely wounded.
Crazy Yiuf hits you with a quarterstaff of chaos.
You closely miss Crazy Yiuf. You claw Crazy Yiuf, but do no damage.
Crazy Yiuf is severely wounded.
Crazy Yiuf hits you with a quarterstaff of chaos!
* * * LOW HITPOINT WARNING * * *
Crazy Yiuf freezes you.
* * * LOW HITPOINT WARNING * * *
You barely miss Crazy Yiuf. You claw Crazy Yiuf.
Crazy Yiuf is severely wounded.
Crazy Yiuf screams, "Fluff!
Iron agre sanguine."
Crazy Yiuf hits you with a quarterstaff of chaos.
* * * LOW HITPOINT WARNING * * *
You are lethally poisoned!
Crazy Yiuf zaps a wand.
Crazy Yiuf looks slightly unstable.
Drink which item? (? for menu, Esc to quit)
You feel better.
Crazy Yiuf hits you with a quarterstaff of chaos!
You die...

.#.......#.#
#....#######.#.####
.#.###.#...# #....#
#...........
.#.........# ♣....♣
#.###.#.####
.#####.#...# ♣♣...♣
#.#'####
.......#)### ♣♣.♣♣
#.....## ########.#
♣♣.♣ #.....## #.#
♣.♣♣ #.....##
#####.### ♣♣.♣
#.....## #.......#
♣@♣♣ #.....##
#.......# #g#
#.....## #.......#
... #.....#
#.......# #...#
#.....# #.......#
#)..# #.......#
##### #.......#
#.......## ####
#......(.# #...


You could see Crazy Yiuf.

Vanquished Creatures
  Robin (D:2)
  4 adders (D:2)
  An ooze (D:3)
  3 worms
  A dart slug (D:2)
  2 giant geckos
  An orc (D:3)
  A ball python (D:2)
  9 bats
  3 giant cockroaches
  14 goblins
  8 hobgoblins
  4 kobolds
  5 giant newts
  6 rats
63 creatures vanquished.

Notes
Turn   | Place    | Note
--------------------------------------------------------------
     0 | D:1      | Duskembrace the Tengu Assassin began the quest for the Orb.
     0 | D:1      | Reached XP level 1. HP: 12/12 MP: 2/2
   220 | D:1      | Reached XP level 2. HP: 16/17 MP: 3/3
   643 | D:2      | Reached XP level 3. HP: 21/21 MP: 4/4
   783 | D:2      | HP: 1/31 [poisoned by an adder]
  1229 | D:2      | Reached XP level 4. HP: 19/26 MP: 5/5
  2652 | D:3      | Noticed Robin
  2934 | D:2      | Killed Robin
  2934 | D:2      | Gained mutation: You can fly. [Tengu growth]
  2934 | D:2      | Reached XP level 5. HP: 22/30 MP: 6/6
  3570 | D:3      | Noticed Crazy Yiuf
  3579 | D:3      | Slain by Crazy Yiuf

Skill      XL: |  1  2  3  4 |
---------------+-------------+-----
Dodging        | 2 3 |  3.2
Short Blades   | 3 |  3.6
Fighting       | |  2.0
Throwing       | |  2.0
Stealth        | |  4.9

Action                   |  1- 3 |  4- 6 || total
-------------------------+-------+-------++-------
Melee: Dagger            |    63 |   107 ||   170
       Peck              |     7 |    23 ||    30
       Kick              |     9 |    31 ||    40
  Use: Potion            |     3 |     1 ||     4
 Stab: Sleeping          |     8 |     9 ||    17
  Eat: Chunk             |     1 |     6 ||     7
       Pizza             |       |     1 ||     1
Armor: Robe              |    13 |     6 ||    19
Dodge: Dodged            |    31 |    46 ||    77
